 Dungeon Crawl Stone Soup version 0.28.0 (webtiles) character file.

Game seed: 9703133800418861693

25552 Kaptain the Geomancer (level 13, -17/77 HPs)
             Began as a Gargoyle Earth Elementalist on Feb 15, 2022.
             Demolished by Rupert (31 damage)
             ... on level 4 of the Lair of Beasts.
             The game lasted 00:47:09 (18981 turns).

Kaptain the Geomancer (GrEE)                       Turns: 18981, Time: 00:47:10

Health: -17/77     AC: 22    Str: 15    XL:     13   Next: 20%
Magic:  26/26      EV: 13    Int: 22    God:
Gold:   789        SH:  0    Dex: 10    Spells: 23/30 levels left

rFire   . . .      SeeInvis .   s - +6 scimitar (vamp)
rCold   . . .      Faith    .   (no shield)
rNeg    + . .      Spirit   .   l - +0 troll leather armour {Pargi}
rPois   ∞          Reflect  .   q - +2 hood of the Assassin {Detection Stab+ Stlth++}
rElec   +          Harm     .   (no cloak)
rCorr   .          Rampage  .   (no gloves)
Will    .....                   a - +0 pair of boots
Stlth   +++++.....              (no amulet)
HPRegen 1.02/turn               E - +4 ring of protection
MPRegen 0.20/turn               M - ring "Moel Kune" {Wiz Str+4}

@: on berserk cooldown, slowed, very slow
A: sickness immunity, AC +9, negative energy resistance 1, electricity
resistance, torment resistance 1, petrification resistance
a: no special abilities


You were on level 4 of the Lair of Beasts.
You visited 3 branches of the dungeon, and saw 16 of its levels.
You also visited: Sewer.

You collected 869 gold pieces.
You spent 80 gold pieces at shops.

Inventory:

Hand Weapons
 d - a +0 hand axe of venom
 s - a +6 vampiric scimitar (weapon)
 z - a +2 halberd
 C - a +3 long sword
 D - a +2 dire flail of protection
Missiles
 c - 155 stones
 y - 4 throwing nets
Armour
 a - a +0 pair of boots (worn)
 l - a +0 troll leather armour (worn) {Pargi}
 q - the +2 hood of the Assassin (worn) {Detection Stab+ Stlth++}
   (You found it on level 4 of the Dungeon)

   It allows the wearer to sense nearby creatures.
   It allows the wearer to make particularly effective stabbing attacks against
   helpless or unaware enemies with any weapon.
   Stlth:     It makes you much more stealthy.
Jewellery
 g - a ring of resist corrosion
 k - a +4 ring of protection
 E - a +4 ring of protection (left hand)
 M - the ring "Moel Kune" (right hand) {Wiz Str+4}
   (You found it on level 1 of the Lair of Beasts)

   [ring of wizardry]

   It improves your spell success rate.
   Str:       It affects your strength (+4).
Wands
 r - a wand of flame (8)
 t - a wand of iceblast (10)
 u - a wand of paralysis (19)
 H - a wand of polymorph (9)
 I - a wand of mindburst (7)
 L - a wand of digging (6)
 Q - a wand of charming (6)
Scrolls
 b - a scroll of acquirement
 m - 9 scrolls of teleportation
 w - a scroll of immolation
 x - a scroll of holy word
 A - 3 scrolls of enchant weapon
 B - a scroll of fog
 G - 3 scrolls of amnesia
 J - a scroll of magic mapping
 N - 2 scrolls of identify
 P - 3 scrolls of blinking {unknown}
Potions
 e - 2 potions of flight
 f - 4 potions of brilliance
 h - 2 potions of ambrosia
 i - a potion of degeneration {unknown}
 j - 3 potions of might
 n - a potion of heal wounds
 o - 4 potions of curing
 p - a potion of invisibility
 v - 2 potions of mutation
 F - a potion of berserk rage
 K - a potion of resistance {unknown}
 R - a potion of haste {unknown}


   Skills:
 + Level 7.6 Fighting
 + Level 7.5 Armour
 + Level 6.1 Dodging
 + Level 8.7 Stealth
 * Level 9.4 Spellcasting
 * Level 10.7 Conjurations
 - Level 0.7 Transmutations
 * Level 12.4 Earth Magic


You had 23 spell levels left.
You knew the following spells:

 Your Spells              Type           Power      Damage    Failure   Level
a - Sandblast             Erth           100%       2d20      1%          1
b - Stone Arrow           Conj/Erth      100%       3d13      1%          3
c - Swiftness             Air            10%        N/A       9%          3

Your spell library contained the following spells:

 Spells                   Type           Power      Damage    Failure   Level
 Passwall                 Tmut/Erth      32%        N/A       1%          2
 Petrify                  Tmut/Erth      39%        N/A       1%          4
 Freeze                   Ice            40%        1d6       3%          1
 Hailstorm                Conj/Ice       34%        3d9       3%          4
 Corpse Rot               Necr/Air       20%        N/A       4%          2
 Ensorcelled Hibernation  Hex/Ice        20%        N/A       4%          2
 Frozen Ramparts          Ice            20%        1d4       9%          3
 Spider Form              Tmut/Pois      11%        N/A       9%          3
 Anguish                  Hex/Necr       5%         N/A       28%         4
 Cause Fear               Hex            5%         N/A       28%         4
 Dispel Undead            Necr           10%        3d9       28%         4
 Death Channel            Necr           5%         N/A       98%         6
 Dragon Form              Tmut           6%         N/A       100%        7
 Dragon's Call            Summ           5%         N/A       100%        9


Dungeon Overview and Level Annotations

Branches:
Dungeon (11/15)            Temple (1/1) D:4            Lair (4/6) D:10
  Swamp (0/4) Lair:3       Spider (0/4) Lair:2          Orc (0/2) D:10
  Sewer (visited)

Altars:
Ashenzari
Cheibriados
Dithmenos
Elyvilon
Fedhas
Gozag
Hepliaklqana
Kikubaaqudgha
Makhleb
Nemelex Xobeh
Okawaru
Qazlal
Ru
Sif Muna
Trog
Uskayaw
Vehumet
Wu Jian
Xom
Yredelemnul
Zin
The Shining One

Shops:
D:2 *   D:5 !   D:7 =   D:8 [

Annotations:
D:7 3 runed translucent doors, hitsuchi's ghost, novice TrHu
Lair:4 Rupert


Innate Abilities, Weirdness & Mutations

You are immune to sickness and miasma.
Your stone body is resilient. (AC +9)
You are immune to poison.
You resist negative energy. (rN+)
You are resistant to electric shocks. (rElec)
You are resistant to unholy torment.
You are immune to petrification.


Message History

Rupert yells loudly at you.
You suddenly lose the ability to move!
You feel sluggish.
You can move again.
As you read the scroll of fog, it crumbles to dust.
The scroll dissolves into smoke.
Rupert roars wildly at you.
You shrug off the repeated paralysis!
Rupert misses you.
Unknown command.
Unknown command.
Unknown command.
Unknown command.
Unknown command.
Unknown command.
Okay, then.
Unknown command.
You start to feel a little faster.
Rupert roars madly and goes into a rage!
Rupert goes berserk!
Unknown command.
Rupert completely misses you. Rupert hits you but does no damage.
As you read the scroll labelled QEARESHREMM, it crumbles to dust.
Your body is wracked with pain!
Rupert convulses!
It was a scroll of torment.
Rupert hits you with a +3 battleaxe of flaming!
Rupert burns you.
Rupert hits you with a +3 battleaxe of flaming!!
* * * LOW HITPOINT WARNING * * *
Rupert burns you.
* * * LOW HITPOINT WARNING * * *
You feel much better.
You no longer feel sluggish.
Rupert hits you with a +3 battleaxe of flaming!!
* * * LOW HITPOINT WARNING * * *
Rupert burns you.
* * * LOW HITPOINT WARNING * * *
Rupert closely misses you.
You hear a shout!
Rupert misses you.
Rupert hits you with a +3 battleaxe of flaming!!
You die...

#.................. ###
#.....P#.÷#...#P...
##.####....###........>...
##P..###....##..<...#......#
.##..P#.............# .......
....................##....>...
#..###.......#................
.##.####.....#...@§§§.........
P#...##.....#..P@#§§§.......#
.............P.#.##§§......######
.................§§§§............
................§§...............
.................................
.................................
...............###...............
...#..###......###.###....##..##
#..P.###......#......#....#.###


You could see Rupert (berserk).

Vanquished Creatures
  Harold (D:7)
  A death yak (Lair:3)
  2 two-headed ogres
  Sonja (D:10)
  Pikel (D:7)
  A manticore (D:11)
  4 elephants (Lair:3)
  A torpor snail (Lair:3)
  A black mamba (Lair:1)
  7 cane toads
  Psyche (D:9)
  4 rime drakes
  3 komodo dragons
  A polar bear (Lair:3)
  3 trolls
  A meliai (Lair:2)
  5 blink frogs (Lair:2)
  Grinder (D:3)
  A hornet (D:9)
  A meliai zombie (D:10)
  Sigmund (D:2)
  3 wyverns
  32 yaks
  5 humans (D:10)
  3 steam dragons
  2 acid dragons
  6 water moccasins
  Duvessa (D:5)
  Pargi (D:4)
  An ice beast (D:6)
  A sky beast (D:6)
  An orc warrior (D:7)
  2 black bears
  3 ogres
  11 wolves
  4 centaurs
  A lemure (D:7)
  6 kobold brigands
  Blork the orc (D:4)
  7 bullfrogs
  A scorpion (D:6)
  A wyvern zombie (D:6)
  A water moccasin skeleton (D:5)
  A wyvern skeleton (D:6)
  Dowan (D:5)
  17 killer bees
  14 wights
  4 electric eels (D:10)
  3 howler monkeys
  2 bullfrog zombies
  7 hounds
  8 orc priests
  2 jellies (D:7)
  Natasha (twice) (D:4)
  3 iguanas
  9 orc wizards
  A killer bee zombie (D:8)
  A hound skeleton (D:5)
  Robin (D:4)
  3 gnolls (D:5)
  A howler monkey skeleton (D:6)
  3 river rats (Sewer)
  9 adders
  2 shadow imps
  A white imp (D:5)
  An adder skeleton (D:5)
  4 worms
  4 dart slugs
  21 orcs
  7 bats
  3 endoplasms
  A giant cockroach (D:1)
  7 goblins
  15 hobgoblins
  18 jackals
  11 kobolds
  6 quokkas
  10 ball pythons
  3 frilled lizards
  12 rats
354 creatures vanquished.

Vanquished Creatures (others)
  2 butterflies (Lair:1)
  19 fungi
  31 plants
52 creatures vanquished.

Grand Total: 406 creatures vanquished

Notes
Turn   | Place    | Note
-------+----------+-------------------------------------------
     0 | D:1      | Kaptain the Gargoyle Earth Elementalist began the quest for
                  | the Orb.
     0 | D:1      | Reached XP level 1. HP: 10/10 MP: 3/3
   151 | D:1      | Reached XP level 2. HP: 16/16 MP: 3/5
   329 | D:1      | Reached skill level 4 in Earth Magic
   866 | D:1      | Reached XP level 3. HP: 20/20 MP: 4/6
  1429 | D:2      | Learned a level 3 spell: Stone Arrow
  1599 | D:2      | Reached skill level 1 in Fighting
  1711 | D:2      | Reached XP level 4. HP: 20/25 MP: 7/7
  1820 | D:2      | Reached skill level 1 in Armour
  1993 | D:2      | Reached skill level 1 in Conjurations
  2029 | D:2      | Reached XP level 5. HP: 3/29 MP: 0/9
  2031 | D:2      | HP: 2/43 [something (1)]
  2663 | D:2      | Found Noga's General Store.
  2666 | D:2      | Bought 10 stones for 10 gold pieces
  2666 | D:2      | Bought 15 stones for 15 gold pieces
  2666 | D:2      | Bought 22 stones for 22 gold pieces
  2677 | D:2      | Noticed Sigmund
  2690 | D:2      | Killed Sigmund
  2691 | D:2      | Reached skill level 5 in Earth Magic
  2691 | D:2      | Reached XP level 6. HP: 23/35 MP: 1/10
  2713 | D:2      | Found a faded altar of an unknown god.
  3192 | D:3      | Noticed Grinder
  3197 | D:3      | Found a glowing drain.
  3223 | Sewer    | Entered a sewer
  3315 | Sewer    | Reached XP level 7. HP: 39/40 MP: 6/12
  4115 | D:3      | Reached skill level 6 in Earth Magic
  4115 | D:3      | Reached XP level 8. HP: 45/45 MP: 4/14
  4273 | D:3      | Killed Grinder
  5449 | D:4      | Noticed Blork the orc
  5453 | D:4      | Killed Blork the orc
  5515 | D:4      | Noticed Robin
  5534 | D:4      | Killed Robin
  5619 | D:4      | Found a staircase to the Ecumenical Temple.
  5620 | D:4      | Found the +2 hood of the Assassin {Detection Stab+ Stlth++}
  5625 | Temple   | Entered the Ecumenical Temple
  5966 | D:4      | Noticed Pargi
  5987 | D:4      | Killed Pargi
  6305 | D:4      | Noticed Natasha
  6309 | D:4      | Killed Natasha
  6627 | D:4      | Noticed Natasha
  6632 | D:4      | Killed Natasha
  6741 | D:5      | Entered Level 5 of the Dungeon
  6813 | D:5      | Reached skill level 7 in Earth Magic
  7047 | D:5      | Noticed Dowan
  7048 | D:5      | Noticed Duvessa
  7057 | D:5      | Killed Duvessa
  7058 | D:5      | Reached skill level 5 in Spellcasting
  7058 | D:5      | Reached skill level 5 in Conjurations
  7058 | D:5      | Reached XP level 9. HP: 43/51 MP: 7/16
  7062 | D:5      | Killed Dowan
  7426 | D:5      | Found Cimah's Distillery.
  7447 | D:5      | Bought a potion of curing for 33 gold pieces
  7575 | D:5      | You fall into a shaft and drop 1 floor!
  7696 | D:5      | Found an opulent altar of Gozag.
  7832 | D:5      | Reached skill level 5 in Stealth
  8111 | D:5      | Found a burning altar of Makhleb.
  8112 | D:5      | Found a stormy altar of Qazlal.
  8486 | D:6      | Found an ornate altar of the Wu Jian Council.
  8766 | D:6      | Reached skill level 8 in Earth Magic
  8921 | D:6      | Noticed a troll
  8924 | D:6      | Found a glowing golden altar of the Shining One.
  8931 | D:6      | Killed a troll
  8932 | D:6      | Reached XP level 10. HP: 58/58 MP: 8/18
  9893 | D:7      | Found Waur's Jewellery Emporium.
 10064 | D:7      | Found a runed translucent gate.
 10064 | D:7      | Found a runed translucent gate.
 10064 | D:7      | Found a runed translucent gate.
 10106 | D:7      | Noticed Pikel
 10114 | D:7      | Killed Pikel
 10268 | D:7      | Noticed Harold
 10374 | D:7      | Killed Harold
 10375 | D:7      | Reached skill level 5 in Fighting
 10375 | D:7      | Reached skill level 5 in Armour
 10375 | D:7      | Reached skill level 9 in Earth Magic
 10499 | D:7      | Identified a scroll of acquirement
 10504 | D:7      | Noticed hitsuchi's ghost (novice TrHu)
 11274 | D:8      | Noticed a two-headed ogre
 11281 | D:8      | Killed a two-headed ogre
 11282 | D:8      | Reached XP level 11. HP: 33/64 MP: 5/21
 11548 | D:8      | Found a hide-covered altar of Uskayaw.
 12127 | D:8      | Found Sysef's Armour Shop.
 12504 | D:9      | Noticed a two-headed ogre
 12558 | D:9      | Killed a two-headed ogre
 12559 | D:9      | Reached skill level 10 in Earth Magic
 12848 | D:9      | Noticed Psyche
 12857 | D:9      | Killed Psyche
 13134 | D:10     | Entered Level 10 of the Dungeon
 13292 | D:10     | Reached skill level 5 in Dodging
 13586 | D:10     | Found a staircase to the Lair.
 13650 | D:10     | Reached XP level 12. HP: 64/71 MP: 15/24
 13717 | D:10     | Reached skill level 11 in Earth Magic
 14203 | D:10     | Found a staircase to the Orcish Mines.
 14273 | D:10     | Noticed Sonja
 14277 | D:10     | Killed Sonja
 14722 | Lair:1   | Entered Level 1 of the Lair of Beasts
 15239 | Lair:1   | Learned a level 3 spell: Swiftness
 15403 | Lair:1   | Identified the ring "Moel Kune" {Wiz Str+4}
 16003 | Lair:2   | Reached skill level 10 in Conjurations
 16346 | Lair:2   | Found a hole to the Spider Nest.
 17293 | Lair:3   | Found a staircase to the Swamp.
 17480 | Lair:3   | Reached skill level 12 in Earth Magic
 17829 | Lair:3   | Reached XP level 13. HP: 76/76 MP: 14/26
 18949 | Lair:4   | Noticed Rupert
 18970 | Lair:4   | Paralysed by Rupert for 6 turns
 18981 | Lair:4   | Demolished by Rupert

Illustrated notes

Levels and vault maps discovered:
D:1:      elethiomel_arrival_infinity_welcomes_careful_drivers, layout_basic
D:2:      cheibrodos_pilgrimage, layout_basic,
          hellmonk_ecumenical_altar_dog_temple, serial_shops,
          nicolae_shop_window_shopping, minmay_quadrilaterals, uniq_sigmund
D:3:      layout_loops_ring, portal_sewer_entry_a, uniq_grinder
D:4:      layout_basic, minmay_temple_entry_tees, uniq_robin,
          uniq_blork_the_orc, uniq_natasha, uniq_pargi
D:5:      layout_basic, mainiacjoe_overflow_paths,
          gammafunk_temple_overflow_statue, serial_shops,
          nicolae_shop_waterfront, nrook_mini_backslash, uniq_duvessa
D:6:      layout_basic, kennysheep_cluttered_room, hangedman_feature_mirror
D:7:      layout_loops_ring, serial_shops, nicolae_inconvenience_store,
          gammafunk_ghost_icy, sigmund_army, uniq_pikel, uniq_harold
D:8:      layout_basic, mainiacjoe_overflow_tiny_flanked, serial_shops,
          nicolae_shop_window_shopping
D:9:      layout_rooms, uniq_psyche
D:10:     layout_loops_ring, erik_lair_island, minmay_ruffians, uniq_sonja
D:11:     lemuel_insect_pit, layout_irregular_city, dk_noncrumbling_3,
          ashenzari_altar_1, uniq_erolcha, uniq_grum
Temple:   hc_temple_tempest_star
Lair:1:   layout_small_grid, lemuel_old_faithful, grunt_megastairs_1,
          lemuel_fruit_fields
Lair:2:   layout_loops_ring, hellmonk_spider_entry_not_the_bees
Lair:3:   layout_misc_corridors, swamp_mist_pool, columned_hall_lemuel,
          infiniplex_staircase_pool_2
Lair:4:   layout_regular_city, serial_bayou_pond_d, uniq_rupert

Skill      XL: |  1  2  3  4  5  6  7  8  9 10 11 12 |
---------------+-------------------------------------+-----
Earth Magic    | 4 5 6 7 8 9 10 12 | 12.4
Fighting       | 1 2 3 4 5 6 7 |  7.6
Armour         | 1 2 3 4 5 6 7 |  7.5
Conjurations   | 1 2 3 5 6 7 9 10 | 10.7
Dodging        | 2 3 4 5 6 |  6.1
Stealth        | 3 4 5 6 7 8 |  8.7
Spellcasting   | 3 4 5 7 8 9 |  9.4
Transmutations | |  0.7

Action                   |  1- 3 |  4- 6 |  7- 9 | 10-12 | 13-15 || total
-------------------------+-------+-------+-------+-------+-------++-------
Melee: Dagger            |    15 |       |       |       |       ||    15
       Short sword       |    22 |    23 |       |       |       ||    45
       Hand axe          |       |    61 |   250 |       |       ||   311
       Punch             |       |     1 |     3 |     3 |     1 ||     8
       Halberd           |       |       |    15 |    10 |       ||    25
       Scimitar          |       |       |       |   330 |     6 ||   336
       Dire flail        |       |       |       |    30 |       ||    30
 Cast: Sandblast         |    31 |    50 |    39 |    55 |     4 ||   179
       Stone Arrow       |       |       |    55 |   219 |    39 ||   313
       Swiftness         |       |       |       |       |     2 ||     2
  Use: Scroll            |     1 |     1 |     3 |    15 |     2 ||    22
       Potion            |       |     3 |     1 |       |     3 ||     7
 Stab: Sleeping          |     2 |     2 |    14 |    13 |       ||    31
Armor: Robe              |    16 |    62 |    87 |       |       ||   165
       Skin              |       |     4 |       |       |       ||     4
       Troll leather arm |       |       |    78 |   311 |    16 ||   405
Dodge: Dodged            |    26 |    89 |   248 |   355 |    28 ||   746
